 Dungeon Crawl Stone Soup version 0.31-a0-955-gcb8bc90ed4 (webtiles) character file.

Game seed: 8797869705023013910

1154 Conn the Sneak (level 8, -1/46 HPs)
             Began as an Octopode Fire Elementalist on Oct 22, 2023.
             Slain by a killer bee (5 damage)
             ... on level 6 of the Dungeon.
             The game lasted 00:13:24 (5574 turns).

Conn the Sneak (Octopode Fire Elementalist)         Turns: 5574, Time: 00:13:25

Health: -1/46      AC:  1    Str:  7    XL:     8   Next: 38%
Magic:  14/14      EV: 14    Int: 20    God:
Gold:   209        SH:  0    Dex: 12    Spells: 8/15 levels left

rFire   + + .        b - +0 rapier
rCold   . . .        (no shield)
rNeg    . . .        (helmet restricted)
rPois   +            k - amulet of faith
rElec   +            n - ring of fire
rCorr   +            (no ring)
SInv    +            (no ring)
Will    .....        (no ring)
Stlth   ++++         (no ring)
HPRegen 0.27/turn    (no ring)
MPRegen 0.14/turn    (no ring)
                     (no ring)

%: faith
@: lethally poisoned (-1 -> -9), resistant
A: almost no armour, amphibious, 8 rings, camouflage 1, gelatinous body 1,
(nimble swimmer 1), tentacles
a: no special abilities


You were on level 6 of the Dungeon.
You visited 1 branch of the dungeon, and saw 6 of its levels.

You collected 254 gold pieces.
You spent 45 gold pieces at shops.

Inventory:

Hand Weapons
 b - a +0 rapier (weapon)
Missiles
 m - 10 poisoned darts
Jewellery
 h - a ring of ice
 k - an amulet of faith (around mantle)
 n - a ring of fire (left tentacle)
Scrolls
 d - a scroll of enchant weapon
 e - 2 scrolls of silence
 f - 2 scrolls of poison
 g - a scroll of amnesia
 l - 2 scrolls of fog
 o - a scroll of torment
 q - a scroll of noise
 t - a scroll of teleportation {unknown}
 u - a scroll of identify
 v - a scroll of butterflies {unknown}
Potions
 c - a potion of enlightenment
 j - a potion of resistance


   Skills:
 + Level 3.7 Dodging
 + Level 5.3 Stealth
 * Level 4.1 Spellcasting
 * Level 4.1 Conjurations
 * Level 3.4 Hexes
 * Level 3.3 Summonings
 + Level 4.3 Fire Magic


You had 8 spell levels left.
You knew the following spells:

 Your Spells              Type           Power      Damage    Failure   Level
a - Foxfire               Conj/Fire      100%       2x1d9     2%          1
b - Scorch                Fire           64%        2d7       3%          2
c - Inner Flame           Hex/Fire       29%        N/A       8%          3
f - Summon Small Mammal   Summ           68%        N/A       3%          1

Your spell library contained the following spells:

 Spells                   Type           Power      Damage    Failure   Level
 Magic Dart               Conj           80%        1d7       2%          1
 Call Imp                 Summ           34%        N/A       4%          2
 Call Canine Familiar     Summ           17%        N/A       10%         3
 Summon Guardian Golem    Hex/Summ       17%        N/A       10%         3
 Hailstorm                Conj/Ice       12%        3d5       16%         3
 Volatile Blastmotes      Fire/Tloc      38%        2d13      16%         3
 Mephitic Cloud           Conj/Pois/Air  9%         N/A       22%         3
 Flame Wave               Conj/Fire      31%        2d9       22%         4
 Fulminant Prism          Conj/Hex       9%         3d7       26%         4
 Iskenderun's Mystic Bla  Conj/Tloc      12%        2d5       47%         4
 Summon Ice Beast         Ice/Summ       10%        N/A       54%         4
 Simulacrum               Ice/Necr       2%         N/A       100%        6


Dungeon Overview and Level Annotations

Branches:
Dungeon (6/15)
 Temple: D:4-7

Altars:

Shops:
D:1 *[(?:   D:2 =   D:3 *   D:5 =


Innate Abilities, Weirdness & Mutations

You cannot wear most types of armour.
You are amphibious.
You can wear up to eight rings at the same time.
Your skin changes colour to match your surroundings (Stealth+).
Your rubbery body absorbs attacks. (AC +1, EV +1)
((You are camouflaged when in or above water. (Stealth+)))
You have tentacles for arms and can constrict up to eight enemies at once.


Message History

Aim: a centaur, wielding a +0 orcbow (chance to affect: 83%)
Okay, then.
Unknown command.
Casting: Inner Flame (dangerous; 8% risk of failure)
Confirm with . or Enter, or press ? or * to list all spells.
The killer bee closely misses you. The killer bee stings you!
* * * LOW HITPOINT WARNING * * *
You are poisoned.
The killer bee poisons you!
Unknown command.
Unknown command.
Unknown command.
You swap places.
* * * LOW HITPOINT WARNING * * *
You feel very sick.
Your bat misses the killer bee. The killer bee stings your bat!
Your bat dies!
Your bat's corpse disappears in a puff of smoke!
Casting: Summon Small Mammal (safe; 3% risk of failure)
Confirm with . or Enter, or press ? or * to list all spells.
Okay, then.
Unknown command.
Okay, then.
Unknown command.
Unknown command.
Unknown command.
You feel protected.
You feel sick. The killer bee stings you.
* * * LOW HITPOINT WARNING * * *
You are lethally poisoned!
The killer bee poisons you! The killer bee misses you.
Okay, then.
Unknown command.
Unknown command.
As you read the scroll labelled SOYK AFAHEFU, it crumbles to dust.
You feel aware of your surroundings.
It was a scroll of revelation.
* * * LOW HITPOINT WARNING * * *
You feel very sick. The killer bee closely misses you.
The killer bee stings you.
You die...

#.......y..#,,,,,.
#######..........#,,,,,,
#######..........#,,,,,,
#######..........#,,,,,,
#######$o.)......#,,,,,,
#######yy.......##*,,,,,
#######c#....#### **,,,,
#######y#.##%##*** *****
#######@#.##.#.,,* *,,,,
#######.#.##.#.,,* *,,,,
***######....##.....#**,,,,
*,,..........###.......,,,,
*,,..........####...###,,,,
*,,.........<##.....#**,,,,
*,,...................,,,,,
*,,............###.####*,*,
*,,,,.......?....,.y,,,,,,,


You could see a centaur, 3 killer bees and an orc.

Vanquished Creatures
  An orc warrior (D:6)
  2 ogres
  3 scorpions
  A gnoll sergeant (D:5)
  2 howler monkeys
  2 orc priests
  2 sleepcaps
  Natasha (thrice) (D:4)
  6 iguanas
  An orc wizard (D:4)
  4 gnolls (D:5)
  4 adders
  2 white imps (D:5)
  2 ufetubi (D:5)
  5 dart slugs
  12 orcs
  6 ball pythons
  5 endoplasms
  3 giant cockroaches
  6 goblins
  7 hobgoblins
  8 jackals
  13 kobolds
  6 quokkas
  7 bats
  15 frilled lizards
  7 rats
135 creatures vanquished.

Vanquished Creatures (others)
  276 foxfires
276 creatures vanquished.

Grand Total: 411 creatures vanquished

Notes
Turn   | Place    | Note
-------+----------+-------------------------------------------
     0 | D:1      | Conn the Octopode Fire Elementalist began the quest for the
                  | Orb.
     0 | D:1      | Reached XP level 1. HP: 11/11 MP: 3/3
   231 | D:1      | Found Yraarim's Assorted Antiques.
   237 | D:1      | Bought a glowing white potion for 17 gold pieces
   270 | D:1      | Reached XP level 2. HP: 17/17 MP: 0/5
   331 | D:1      | Reached skill level 3 in Stealth
   609 | D:1      | Found Jakh's Book Emporium.
   724 | D:1      | Reached XP level 3. HP: 21/21 MP: 2/6
   963 | D:1      | Found Xarobb's Armour Shop.
  1019 | D:1      | Found Tefehemm's Antique Weapon Shoppe.
  1021 | D:1      | Found Juol's Magic Scroll Shoppe.
  1033 | D:1      | Bought a scroll of identify for 28 gold pieces
  1116 | D:2      | Found Xitiu's Jewellery Emporium.
  1589 | D:2      | Reached XP level 4. HP: 27/27 MP: 7/7
  2035 | D:3      | Learned a level 2 spell: Scorch
  2039 | D:3      | Learned a level 3 spell: Inner Flame
  2041 | D:3      | Learned a level 1 spell: Summon Small Mammal
  2257 | D:3      | Found Bimemuyrphe's General Store.
  2718 | D:4      | Reached skill level 4 in Stealth
  2718 | D:4      | Reached XP level 5. HP: 27/31 MP: 8/8
  2911 | D:4      | Reached skill level 1 in Hexes
  2919 | D:4      | Reached skill level 1 in Summonings
  3067 | D:5      | Entered Level 5 of the Dungeon
  3132 | D:4      | Reached XP level 6. HP: 36/36 MP: 3/10
  3377 | D:4      | Noticed Natasha
  3382 | D:4      | Killed Natasha
  3391 | D:4      | Noticed Natasha
  3395 | D:4      | Killed Natasha
  3705 | D:4      | Noticed Natasha
  3712 | D:4      | Killed Natasha
  3713 | D:4      | Reached XP level 7. HP: 41/41 MP: 4/11
  4485 | D:5      | Reached skill level 5 in Stealth
  4817 | D:5      | Found Zajomucs's Jewellery Shoppe.
  4955 | D:5      | Reached XP level 8. HP: 35/46 MP: 13/13
  5574 | D:6      | Slain by a killer bee

Illustrated notes

Levels and vault maps discovered:
D:1:      psy_arrival_terrarium, layout_basic, serial_shops,
          nicolae_shop_real_fake_doors, nicolae_shop_pleasant_corner_grove,
          nicolae_shop_statue_plus, shop, nicolae_shop_tiny_real_fake_doors
D:2:      layout_loops_cross, serial_shops, shop, hangedman_decor_riveting
D:3:      layout_basic, serial_shops, shop
D:4:      layout_basic, uniq_natasha
D:5:      layout_loops_cross, serial_shops, nicolae_inconvenience_store,
          hex_medium, minmay_lizard_king
D:6:      layout_rooms

Skill      XL: |  1  2  3  4  5  6  7  8 |
---------------+-------------------------+-----
Stealth        | 3 4 5 |  5.3
Conjurations   | 2 3 4 |  4.1
Hexes          | 1 2 3 |  3.4
Summonings     | 1 2 3 |  3.3
Spellcasting   | 3 4 |  4.1
Dodging        | 3 |  3.7
Fire Magic     | 4 |  4.3

Action                     |  1- 3 |  4- 6 |  7- 9 || total
---------------------------+-------+-------+-------++-------
  Melee: Rapier            |    34 |    62 |    24 ||   120
         Constrict         |     8 |    16 |     7 ||    31
         Tentacles         |     7 |    15 |    11 ||    33
         Punch             |     1 |     1 |     1 ||     3
   Cast: Foxfire           |    64 |    63 |    32 ||   159
         Scorch            |       |     6 |    15 ||    21
         Inner Flame       |       |     2 |     9 ||    11
         Summon Small Mamm |       |       |     2 ||     2
    Use: Scroll            |     3 |     5 |     3 ||    11
         Potion            |       |       |     6 ||     6
   Stab: Sleeping          |     5 |     5 |     5 ||    15
 Armour: Skin              |    17 |    36 |    38 ||    91
  Dodge: Dodged            |    34 |    39 |    38 ||   111

Table legend: (Time is in decaauts)
 A = Elapsed time spent in this place.
 B = Non-inter-level travel time spent in this place.
 C = Inter-level travel time spent in this place.
 D = Time resting spent in this place.
 E = Time spent auto-exploring this place.
 F = Levels seen in this place.
 G = Mean time per level.
                   A        B        C        D        E       F      G
               +--------+--------+--------+--------+--------+-----+--------+
         Total |   5609 |   5417 |    192 |    685 |   3480 |   6 |  934.8 |
       Dungeon |   5609 |   5417 |    192 |    685 |   3480 |   6 |  934.8 |
               +--------+--------+--------+--------+--------+-----+--------+

Top non-repeatable levels by time:
     D:5: 1448 daAuts
     D:4: 1121 daAuts
     D:1: 1119 daAuts
     D:3: 863 daAuts
     D:2: 739 daAuts
     D:6: 318 daAuts
